Map: Cañón polvoriento

Players

TheINKoz

  • Race: Terran Terran
  • Spawn Location: 11:00

ShaggyHD

  • Race: Protoss Protoss
  • Spawn Location: 9:00

MrFercho - Winner!

  • Race: Zerg Zerg
  • League: Silver
  • Spawn Location: 5:00

tigro - Winner!

  • Race: Terran Terran
  • League: Bronze
  • Spawn Location: 3:00

VOD

Have the link to the VOD?

Description

Time

  • Played on: June 4, 2020, 10:17 p.m.
  • Length: 20:27
Show
View Real Time Build Order
Export as new Build Order

TheINKoz Terran 

Build Orders:  

Get SALT Encoding   

  12  0:17  SCV  
  13  0:30  SCV  
  13  0:34  Supply Depot  
  14  0:42  SCV  
  15  0:56  SCV  
  15  0:57  Barracks  
  16  1:00  Barracks  
  16  1:08  SCV  
  17  1:20  SCV  
  18  1:32  SCV  
  19  1:40  Refinery  
  19  1:44  SCV  
  20  1:53  Refinery  
  20  1:56  SCV, Marine  
  20  1:57  Marine  
  23  2:53  Marine  
  23  3:12  Engineering Bay  
  23  3:28  Supply Depot  
  23  3:35  Supply Depot  
  23  3:41  Supply Depot  
  23  3:49  Marine x2  
  23  3:50  SCV  
  26  4:02  SCV  
  27  4:07  Marine x2  
  29  4:21  Barracks  
  29  4:25  Marine x2  
  29  4:28  Terran Infantry Weapons Level 1  
  31  4:39  Factory  
  31  4:43  Marine x2, Ghost Academy  
  33  4:51  SCV  
  34  5:01  Marine x2  
  34  5:02  Command Center  
  34  5:03  SCV  
  37  5:07  Supply Depot  
  37  5:15  SCV  
  37  5:19  Marine x2  
  40  5:36  Marine x2  
  40  5:38  Marine  
  43  5:54  Marine x2  
  43  5:56  Marine  
  46  6:12  Marine x2  
  46  6:14  Marine  
  49  6:30  Marine x2  
  49  6:32  Marine  
  52  6:38  Barracks  
  52  6:39  Factory Tech Lab  
  51  6:48  Marine x2  
  51  6:50  Marine  
  49  7:05  Marine x2  
  49  7:07  Marine  
  51  7:13  Siege Tank  
  54  7:16  Supply Depot  
  54  7:19  SCV  
  55  7:23  Marine x2  
  55  7:25  Marine  
  58  7:31  SCV  
  58  7:34  Supply Depot  
  59  7:40  Barracks Tech Lab  
  59  7:41  Marine x2  
  59  7:43  SCV, Marine  
  63  7:46  Siege Tank  
  63  7:48  Missile Turret  
  66  7:56  Orbital Command  
  66  7:59  Marine  
  66  8:01  Marine  
  66  8:05  Missile Turret  
  68  8:09  Supply Depot  
  68  8:17  Marine  
  68  8:19  Marine, Terran Infantry Armor Level 1  
  70  8:33  Starport  
  70  8:38  SCV  
  71  8:48  Refinery  
  71  8:50  SCV  
  67  9:02  SCV  
  56  9:08  Siege Tank  
  59  9:14  SCV  
  60  9:27  SCV  
  61  9:34  Command Center  
  61  9:40  Siege Tank  
  61  9:43  Supply Depot  
  64  9:45  Supply Depot  
  57  10:12  Siege Tank  
  60  10:33  Marine  
  61  10:45  Siege Tank  
  64  10:51  Marine  
  64  10:56  Refinery  
  35  11:17  Siege Tank  
  33  11:49  Siege Tank  
  36  12:08  Marine  
  37  12:20  Marine  
  37  12:21  Siege Tank  
  37  12:22  Marine  
  42  12:26  Marine  
  43  12:38  Marine  
  43  12:39  Marine  
  43  12:44  Missile Turret, Marine  
  46  12:53  Siege Tank  
  46  12:56  Marine  
  46  12:57  Marine  
  51  13:01  Marine  
  52  13:14  Marine  
  52  13:15  Marine  
  52  13:17  Factory  
  52  13:19  Marine  
  55  13:21  SCV  
  55  13:25  SCV, Siege Tank  
  60  13:31  Marine  
  60  13:33  SCV, Marine  
  63  13:37  SCV, Marine  
  65  13:45  SCV  
  65  13:46  Liberator  
  69  13:49  Marine  
  69  13:50  SCV  
  69  13:51  Marine  
  69  13:55  Marine  
  73  13:57  SCV, Siege Tank  
  73  14:02  SCV  
  78  14:07  Marine  
  78  14:09  SCV, Marine  
  81  14:13  Marine  
  82  14:25  Command Center, Marine  
  82  14:26  Marine  
  82  14:29  Siege Tank, Liberator  
  82  14:30  Marine  
  91  14:43  Marine  
  91  14:44  Marine  
  93  14:48  Marine  
  94  15:01  Starport, Siege Tank  
  97  15:12  Viking, Supply Depot  
  99  15:16  Refinery  
  99  15:33  Siege Tank  
  102  15:38  SCV, Refinery  
  102  15:41  Viking  
  105  15:50  SCV  
  106  16:02  SCV  
  107  16:05  Siege Tank  
  110  16:11  Viking  
  110  16:14  SCV  
  113  16:26  SCV  
  113  16:31  Marine  
  113  16:32  Marine  
  115  16:33  Marine  
  115  16:35  Marine  
  115  16:38  Siege Tank  
  121  16:41  Liberator  
  124  16:49  Marine  
  124  16:50  Marine  
  124  16:51  Marine  
  124  16:53  Marine  
  128  17:06  Marine  
  128  17:08  Marine  
  129  17:09  Marine  
  129  17:11  Marine  
  131  17:24  Viking, Marine  
  131  17:26  Marine  
  131  17:27  Marine  
  131  17:29  Marine  
  113  17:42  Marine  
  113  17:44  Marine  
  98  17:45  Marine  
  98  17:47  Marine  
  89  17:54  Viking  
  80  18:01  Marine  
  80  18:02  Marine x2  
  82  18:19  Marine x2  
  78  18:20  Marine  
  78  18:24  Viking  
  81  18:37  Marine x2  
  81  18:38  Marine  
  72  18:43  Marine  
  60  18:54  Medivac  
  60  18:55  Marine x2  
  63  18:56  Marine  
  63  19:01  Marine  
  65  19:13  Marine x2  
  65  19:14  Marine  
  68  19:18  Marine  
  69  19:24  Medivac  
  69  19:30  Marine  
  69  19:31  Marine x2  
  73  19:36  Marine  
  60  19:48  Marine x2  
  60  19:49  Marine  
  54  19:54  Medivac, Marine  
  48  20:06  Marine x2  
  38  20:07  Marine  
Show
View Real Time Build Order
Export as new Build Order

ShaggyHD Protoss 

Build Orders:  

Get SALT Encoding   

  12  0:01  Probe (Chrono Boost)  
  13  0:12  Probe (Chrono Boost)  
  14  0:24  Pylon  
  14  0:27  Probe  
  15  0:42  Probe  
  16  0:45  Gateway  
  16  0:53  Assimilator  
  16  0:54  Probe  
  17  1:01  Assimilator  
  17  1:04  Pylon  
  17  1:20  Forge  
  17  1:34  Probe  
  18  1:42  Zealot (Chrono Boost)  
  18  1:46  Probe  
  21  1:56  Photon Cannon  
  21  2:00  Zealot (Chrono Boost)  
  21  2:07  Photon Cannon  
  23  2:17  Gateway  
  23  2:21  Pylon  
  23  2:26  Zealot  
  25  2:40  Probe  
  26  2:52  Probe  
  26  2:54  Zealot (Chrono Boost)  
  29  3:02  Cybernetics Core  
  31  3:16  Zealot x2 (Chrono Boost)  
  33  3:38  Zealot, Protoss Ground Weapons Level 1  
  35  3:44  Stalker  
  37  4:14  Stalker  
  39  4:18  Photon Cannon  
  39  4:22  Photon Cannon  
  39  4:44  Pylon  
  39  5:01  Stalker  
  39  5:03  Nexus  
  41  5:07  Pylon  
  41  5:17  Zealot  
  43  5:45  Zealot  
  37  6:12  Zealot  
  31  7:10  Zealot  
  31  7:14  Stalker  
  35  7:20  Probe (Chrono Boost)  
  36  7:26  Gateway  
  37  7:30  Probe (Chrono Boost)  
  37  7:31  Shield Battery  
  37  7:35  Probe (Chrono Boost), Photon Cannon  
  37  7:37  Zealot  
  37  7:38  Photon Cannon  
  40  7:44  Stalker  
  40  7:46  Probe  
  43  7:59  Probe  
  43  8:04  Zealot  
  46  8:06  Twilight Council  
  46  8:13  Robotics Facility  
  46  8:14  Stalker  
  46  8:19  Stargate  
  48  8:22  Photon Cannon  
  48  8:25  Probe  
  49  8:31  Zealot  
  51  8:37  Probe  
  52  8:44  Protoss Shields Level 1, Stalker  
  54  8:49  Probe  
  55  8:58  Zealot  
  57  9:25  Stalker, Nexus  
  59  9:42  Void Ray  
  59  9:43  Stargate  
  63  9:55  Stalker  
  49  10:25  Void Ray  
  51  10:31  Void Ray  
  55  10:35  Zealot  
  55  10:40  Probe (Chrono Boost)  
  60  10:50  Probe (Chrono Boost)  
  60  10:52  Probe (Chrono Boost)  
  60  10:53  Protoss Ground Armor Level 1  
  60  10:55  Probe (Chrono Boost)  
  60  11:00  Probe  
  60  11:03  Zealot  
  64  11:13  Void Ray  
  68  11:27  Zealot  
  72  11:54  Zealot  
  72  11:56  Void Ray  
  61  12:21  Zealot  
  61  12:22  Pylon  
  64  12:30  Probe  
  64  12:37  Pylon  
  64  12:42  Probe  
  65  12:45  Assimilator  
  65  12:54  Probe  
  66  12:58  Photon Cannon  
  66  13:06  Probe  
  66  13:12  Void Ray  
  71  13:14  Stalker  
  71  13:18  Probe  
  74  13:44  Stalker  
  74  13:46  Photon Cannon  
  76  13:50  Photon Cannon  
  76  13:52  Void Ray  
  80  14:12  Probe  
  80  14:16  Assimilator  
  83  14:21  Stalker (Chrono Boost), Assimilator  
  83  14:24  Probe, Zealot (Chrono Boost)  
  83  14:28  Void Ray  
  86  14:36  Probe  
  91  14:42  Zealot (Chrono Boost)  
  93  14:48  Probe  
  94  14:57  Fleet Beacon  
  94  15:05  Protoss Shields Level 2  
  94  15:08  Zealot  
  94  15:11  Void Ray  
  100  15:25  Probe  
  101  15:35  Stargate  
  101  15:43  Pylon  
  101  15:49  Pylon  
  101  15:52  Pylon  
  101  16:01  Probe x2  
  103  16:13  Probe x2  
  106  16:25  Probe  
  106  16:31  Gateway  
  106  16:34  Zealot  
  106  16:38  Immortal  
  88  16:51  Stalker  
  90  17:01  Zealot  
  92  17:08  Photon Cannon  
  50  17:21  Stalker  
  46  17:37  Carrier  
  52  17:51  Stalker (Chrono Boost)  
  23  18:30  Probe  
  24  18:38  Gateway  
  22  18:42  Probe  
  23  18:52  Carrier  
  23  18:54  Probe  
  30  19:01  Pylon  
  30  19:07  Gateway  
  38  19:15  Forge  
Show
View Real Time Build Order
Export as new Build Order

MrFercho Zerg - Winner!

Build Orders: Pool First 

Get SALT Encoding   

  12  0:01  Drone  
  13  0:15  Drone  
  14  0:28  Extractor  
  14  0:29  Drone, Extractor  
  14  0:30  Drone  
  16  0:44  Spawning Pool  
  16  0:49  Overlord  
  15  1:16  Drone x3  
  18  1:31  Queen  
  20  1:34  Hatchery  
  19  1:56  Hatchery  
  18  2:10  Drone x2  
  18  2:11  Drone  
  21  2:37  Overlord x2  
  21  3:02  Drone x2  
  21  3:03  Drone x2  
  21  3:04  Drone x2  
  27  3:12  Extractor  
  26  3:32  Drone x2  
  26  3:33  Drone x5  
  26  3:34  Drone  
  34  4:12  Drone x3  
  37  4:23  Roach Warren  
  36  4:25  Drone x3  
  36  4:31  Extractor  
  38  4:33  Queen  
  40  4:39  Extractor x2  
  40  4:44  Hatchery  
  37  4:53  Drone x3  
  40  5:00  Drone x3  
  40  5:02  Queen  
  40  5:05  Lair  
  44  5:41  Baneling Nest  
  43  5:50  Drone x3  
  46  6:06  Roach x5  
  56  6:36  Hatchery  
  55  6:44  Glial Reconstitution  
  55  6:45  Evolution Chamber  
  54  6:51  Overlord  
  54  6:52  Overlord  
  54  6:53  Overlord  
  48  7:13  Zerg Ground Armor Level 1  
  48  7:18  Centrifical Hooks  
  48  7:21  Zergling x2  
  48  7:22  Zergling x26  
  62  7:36  Drone  
  63  7:47  Drone x3  
  63  7:48  Drone x2  
  68  8:01  Hatchery  
  68  8:03  Baneling  
  68  8:04  Hatchery, Baneling x18  
  68  8:05  Baneling x9  
  66  8:09  Metabolic Boost  
  66  8:17  Evolution Chamber  
  65  8:50  Roach  
  65  8:51  Roach x9  
  71  9:04  Zergling x2  
  71  9:05  Zergling x24  
  84  9:18  Overlord x4  
  84  9:50  Zergling x2  
  84  9:51  Zergling x32  
  84  9:52  Zergling x20  
  79  10:14  Zergling x6  
  79  10:15  Zergling x16  
  79  10:20  Baneling  
  79  10:21  Baneling x17  
  89  10:22  Baneling x25  
  89  10:23  Baneling x5  
  89  10:43  Zergling x2  
  89  10:44  Zergling x30  
  89  10:49  Drone x2  
  83  11:24  Baneling x4  
  83  11:25  Baneling x18  
  70  11:50  Hydralisk Den  
  70  11:53  Zerg Missile Weapons Level 1  
  70  11:54  Zerg Ground Armor Level 2  
  64  11:59  Drone x3  
  63  12:01  Queen  
  57  12:17  Spore Crawler  
  57  12:18  Spore Crawler  
  57  12:20  Grooved Spines  
  55  12:25  Drone x4  
  55  12:28  Drone x2  
  61  12:35  Hydralisk x5  
  71  13:03  Overseer x3  
  71  13:10  Hatchery  
  70  13:14  Hydralisk  
  70  13:15  Hydralisk x5, Extractor  
  70  13:18  Extractor  
  80  13:31  Muscular Augments  
  80  13:43  Hydralisk x3  
  80  13:44  Hydralisk x3  
  92  13:58  Extractor  
  92  13:59  Extractor  
  90  14:11  Drone x4  
  90  14:12  Drone x2  
  96  14:30  Drone  
  97  14:39  Hydralisk  
  97  14:40  Hydralisk x9  
  117  14:59  Infestation Pit  
  116  15:04  Zerg Missile Weapons Level 2  
  117  15:14  Zergling x10  
  117  15:15  Zergling x18  
  130  15:32  Zergling x12  
  130  15:34  Overlord  
  130  15:35  Overlord x2  
  136  15:43  Hive  
  136  15:48  Pathogen Glands  
  136  16:06  Baneling x12  
  136  16:07  Baneling x17  
  136  16:08  Baneling  
  136  16:12  Drone x2  
  136  16:13  Drone  
  124  16:50  Hydralisk  
  124  16:51  Hydralisk x11  
  125  18:03  Zergling x26  
  125  18:04  Zergling x40  
  144  19:01  Baneling  
  144  19:02  Baneling x13  
  144  19:03  Baneling x27  
  144  19:04  Baneling x25  
  144  19:06  Hydralisk x6  
  156  19:22  Spore Crawler x3  
  156  19:23  Spore Crawler  
  152  19:26  Spore Crawler  
Show
View Real Time Build Order
Export as new Build Order

tigro Terran - Winner!

Build Orders:  

Get SALT Encoding   

  12  0:02  SCV  
  13  0:14  SCV  
  14  0:22  Supply Depot  
  14  0:27  SCV  
  15  0:36  Refinery  
  15  0:44  SCV  
  16  0:56  SCV, Barracks  
  17  1:08  SCV  
  17  1:09  Refinery  
  18  1:20  SCV  
  19  1:32  SCV  
  20  1:44  SCV  
  21  1:56  SCV, Marine  
  23  2:07  Supply Depot  
  23  2:17  Barracks  
  23  2:23  Orbital Command  
  23  2:28  Marine  
  24  2:46  Marine  
  25  3:04  Marine  
  26  3:07  Barracks Tech Lab  
  26  3:13  SCV  
  27  3:21  Engineering Bay  
  27  3:22  Marine  
  27  3:25  SCV  
  29  3:30  Combat Shield  
  29  3:35  Marine  
  30  3:46  Factory  
  30  3:53  Marine  
  30  3:54  Barracks Tech Lab  
  31  4:10  Marine  
  31  4:16  Stimpack  
  32  4:17  Marine  
  33  4:26  Command Center  
  33  4:28  Marine  
  34  4:35  Marine  
  35  4:38  Starport  
  35  4:39  Factory Tech Lab  
  35  4:46  Marine  
  35  4:49  Concussive Shells  
  35  4:51  Terran Infantry Weapons Level 1  
  36  4:53  Marine  
  37  5:11  Marine  
  38  5:30  Medivac  
  38  5:34  Siege Tank  
  43  5:40  Refinery  
  43  5:49  Fusion Core  
  41  6:00  Medivac  
  35  6:06  Siege Tank  
  37  6:16  Marine x2  
  32  6:34  Marine x2  
  32  6:37  Armory  
  32  6:38  Starport Tech Lab  
  32  6:39  Hellion  
  33  6:45  Terran Infantry Armor Level 1  
  29  6:52  Marine x2  
  29  7:00  Siege Tank  
  31  7:10  Marine x2  
  33  7:20  SCV  
  34  7:27  Marine x2  
  36  7:32  SCV  
  37  7:39  Medivac  
  37  7:43  Weapon Refit  
  39  7:44  SCV  
  39  7:45  Marine x2  
  42  7:56  SCV  
  43  8:03  Marine x2  
  45  8:09  Siege Tank  
  48  8:21  Marine x2  
  50  8:35  Missile Turret  
  50  8:38  Refinery  
  50  8:39  Marine x2  
  52  8:44  SCV  
  53  8:56  SCV, Marine  
  53  8:57  Missile Turret, Marine  
  56  9:09  SCV  
  57  9:14  Marine x2  
  59  9:21  SCV, Missile Turret  
  59  9:24  Hi-Sec Auto Tracking  
  60  9:32  Supply Depot  
  60  9:33  SCV  
  61  9:46  Marine  
  62  9:54  Battlecruiser  
  62  9:56  Supply Depot  
  68  10:04  Marine  
  51  10:22  Marine  
  44  10:36  Marine  
  44  10:39  Marine  
  46  10:43  Siege Tank  
  46  10:46  Neosteel Armor  
  49  10:54  Marine  
  50  10:57  Marine  
  50  10:58  Medivac  
  53  11:12  Marine  
  53  11:15  Marine  
  55  11:20  Siege Tank  
  58  11:27  Armory  
  58  11:30  Marine  
  59  11:33  Marine  
  60  11:48  Marine  
  60  11:51  Marine  
  62  12:05  Marine  
  63  12:08  Marine  
  64  12:23  Marine  
  64  12:26  Marine  
  64  12:28  Viking  
  68  12:32  Missile Turret  
  68  12:41  Marine  
  69  12:44  Marine  
  70  12:54  Missile Turret  
  70  12:58  Viking  
  72  12:59  Terran Infantry Weapons Level 2  
  72  13:14  Missile Turret  
  72  13:28  Battlecruiser  
  72  13:29  Missile Turret  
  78  13:40  Missile Turret  
  78  13:51  Missile Turret  
  78  13:56  Thor  
  78  13:59  Marine x2  
  86  14:06  Missile Turret  
  86  14:11  Terran Vehicle Weapons Level 1  
  86  14:13  Missile Turret  
  86  14:17  Marine x2  
  88  14:35  Marine x2  
  90  14:39  Missile Turret  
  90  14:53  Marine  
  91  15:14  Terran Infantry Armor Level 2  
  91  15:22  Refinery  
  91  15:30  Refinery  
  91  15:40  Command Center  
  91  15:53  Supply Depot  
  91  16:05  Terran Vehicle And Ship Armor Level 1  
  91  16:08  Marine x2  
  93  16:15  Battlecruiser  
  93  16:17  Supply Depot  
  99  16:26  Marine x2  
  101  16:44  Marine x2  
  103  17:02  Marine x2  
  89  17:19  Marine x2  
  85  17:30  Terran Infantry Weapons Level 3  
  75  17:37  Marine x2  
  60  17:55  Marine x2  
  61  17:59  Terran Ship Weapons Level 1  
  51  19:02  Battlecruiser  
  57  19:06  Marine x2  
  59  19:23  Marine  
  59  19:24  Marine  
  61  19:41  Marine x2  
  61  19:59  Marine x2  
Tags
 
Add a new tag
Caveats
  • Supply blocks, unpowered buildings, or Contaminate may cause inaccurate times.
  • Supply counts are checked every 10 seconds.